Map: Prion Terraces

Players

HTOMario - Winner!

  • Race: Terran Terran
  • League: Grandmaster

Apocalypse

  • Race: Protoss Protoss
  • League: Master

VOD

Have the link to the VOD?

Description

Time

  • Played on: Dec. 8, 2015, 10:48 a.m.
  • Length: 20:15
Show
View Real Time Build Order
Export as new Build Order

HTOMario Terran - Winner!

Build Orders: Cyclone Opening, Mech 

Get SALT Encoding   

  12  0:00  SCV  
  13  0:13  SCV  
  14  0:20  Supply Depot  
  14  0:25  SCV  
  15  0:30  Refinery  
  15  0:41  SCV  
  16  0:44  Barracks  
  16  0:53  SCV  
  17  1:05  SCV  
  18  1:17  SCV  
  19  1:31  Orbital Command  
  19  1:37  Factory  
  19  1:38  Marine  
  20  1:41  Supply Depot  
  20  1:55  Marine  
  20  1:58  SCV  
  22  2:10  SCV  
  22  2:11  Command Center  
  22  2:15  Marine  
  24  2:20  Factory Tech Lab  
  24  2:23  SCV  
  24  2:25  Refinery  
  25  2:35  SCV, Supply Depot  
  26  2:42  Cyclone  
  29  2:46  Marine  
  29  2:48  SCV  
  31  3:00  SCV  
  31  3:05  Marine  
  32  3:12  SCV  
  33  3:16  Cyclone  
  36  3:24  SCV  
  38  3:27  Orbital Command  
  36  3:39  SCV  
  36  3:41  Command Center  
  37  3:45  Refinery  
  37  3:48  Cyclone  
  37  3:52  SCV  
  37  3:53  SCV  
  42  4:03  Factory  
  42  4:07  SCV x2  
  44  4:13  Barracks Tech Lab, Refinery  
  44  4:19  SCV x2  
  44  4:22  Supply Depot  
  44  4:24  Supply Depot  
  46  4:30  Cyclone  
  49  4:32  SCV  
  49  4:34  SCV  
  51  4:53  Orbital Command  
  51  4:55  SCV, Supply Depot  
  51  4:56  SCV  
  53  5:01  Cyclone  
  53  5:02  Cyclone  
  59  5:09  Mag-Field Accelerator  
  59  5:13  SCV  
  60  5:17  Refinery  
  60  5:21  Refinery  
  60  5:25  SCV  
  61  5:31  SCV  
  61  5:33  Cyclone  
  65  5:37  Orbital Command  
  62  5:43  Cyclone  
  62  5:48  SCV x2, Factory  
  67  5:56  Barracks Tech Lab  
  67  6:00  SCV x2  
  67  6:04  SCV  
  70  6:13  Cyclone  
  70  6:15  Cyclone  
  76  6:19  SCV x3  
  79  6:31  SCV x2  
  81  6:33  Barracks Reactor  
  81  6:35  Factory  
  81  6:39  Command Center  
  81  6:41  SCV  
  81  6:43  SCV  
  80  6:49  SCV  
  81  6:58  Cyclone x3  
  87  7:09  SCV x3  
  87  7:10  Supply Depot x2  
  87  7:13  Supply Depot  
  87  7:27  Refinery  
  87  7:29  Refinery  
  81  7:34  Siege Tank x2  
  81  7:35  Siege Tank  
  90  7:39  Engineering Bay  
  90  7:40  Factory x2  
  87  7:50  SCV  
  87  7:51  SCV x2  
  84  8:04  Barracks Reactor, Hellion x2  
  88  8:06  Siege Tank  
  88  8:07  Siege Tank, Planetary Fortress, Hellion  
  88  8:08  Missile Turret  
  96  8:14  Missile Turret  
  96  8:16  Missile Turret  
  96  8:20  Armory  
  96  8:32  Siege Tank, Hellion x2  
  105  8:34  Hellion x2  
  105  8:38  Siege Tank  
  110  8:45  Siege Tank  
  112  8:54  Hellion x2  
  113  8:56  Hellion x2  
  114  9:04  Siege Tank  
  117  9:10  Siege Tank, Terran Vehicle Weapons Level 1  
  117  9:15  Hellion x2  
  124  9:17  Siege Tank  
  124  9:19  Hellion  
  113  9:36  Siege Tank  
  115  9:43  Siege Tank, Hellion  
  106  9:49  Orbital Command  
  97  9:52  Factory Tech Lab  
  97  9:58  Factory Tech Lab  
  97  10:05  SCV x2  
  99  10:25  SCV x3  
  99  10:27  Refinery x2  
  102  10:33  Cyclone x2  
  108  10:38  Cyclone x2  
  108  10:40  Cyclone  
  117  10:43  SCV x3  
  117  10:45  SCV  
  121  10:55  SCV x2  
  123  11:00  Hi-Sec Auto Tracking  
  123  11:01  Missile Turret  
  123  11:03  SCV x2  
  125  11:05  Cyclone, Missile Turret  
  125  11:06  Cyclone, Missile Turret  
  125  11:07  SCV  
  132  11:15  SCV  
  132  11:16  SCV  
  131  11:29  SCV  
  132  11:33  Terran Vehicle Weapons Level 2  
  132  11:36  SCV, Cyclone x3, Supply Depot x2  
  132  11:38  Cyclone x2  
  148  11:43  Supply Depot x2  
  148  11:46  Hellion x3  
  146  11:58  Hellion x2  
  146  11:59  SCV x2  
  152  12:08  Cyclone x3  
  161  12:10  Cyclone x2  
  164  12:16  Supply Depot  
  164  12:19  Supply Depot x2  
  152  12:27  Starport  
  152  12:28  Starport  
  152  12:37  SCV x2  
  152  12:39  Starport  
  140  13:08  Starport Tech Lab  
  140  13:09  Starport Reactor  
  140  13:10  Fusion Core  
  140  13:15  Command Center  
  140  13:16  SCV  
  140  13:17  SCV x2  
  143  13:26  Refinery x2, Starport Tech Lab  
  143  13:29  Starport  
  143  13:32  Thor x3  
  143  13:33  Thor x2  
  175  13:34  Hellbat x2  
  175  13:38  Missile Turret  
  175  13:39  Missile Turret  
  177  13:42  Sensor Tower, Liberator x3  
  177  13:43  Liberator  
  177  13:44  SCV  
  152  14:00  Advanced Ballistics  
  163  14:05  SCV x2  
  161  14:23  Terran Vehicle And Ship Armor Level 1  
  157  14:28  SCV x2  
  152  14:37  Command Center  
  146  14:40  Behemoth Reactor  
  146  14:46  Liberator  
  146  14:47  Sensor Tower  
  146  14:49  Missile Turret  
  146  14:57  Starport Tech Lab  
  146  15:02  Battlecruiser x2  
  146  15:05  Hellion  
  163  15:24  Planetary Fortress  
  156  15:35  SCV  
  156  15:40  Battlecruiser  
  156  15:42  Weapon Refit  
  161  15:48  SCV x2  
  161  15:49  Sensor Tower  
  163  16:00  SCV x3  
  166  16:26  Battlecruiser  
  166  16:28  Battlecruiser  
  166  16:30  Planetary Fortress  
  178  16:49  Sensor Tower  
  181  16:55  Battlecruiser  
  181  17:00  Command Center  
  181  17:07  Command Center  
  178  17:33  Missile Turret, Battlecruiser, Refinery  
  178  17:34  Refinery  
  178  17:36  Hellion x7  
  198  17:37  Terran Vehicle And Ship Armor Level 2  
  198  17:41  Armory  
  198  17:56  Liberator  
  198  17:57  Hellion  
  198  18:25  Liberator x2  
  196  19:08  Hellion x2  
  157  19:45  Hellion x6  
  195  19:46  Hellion  
Show
View Real Time Build Order
Export as new Build Order

Apocalypse Protoss 

Build Orders: 1 Gate Expand 

Get SALT Encoding   

  12  0:01  Probe (Chrono Boost)  
  13  0:11  Probe (Chrono Boost)  
  14  0:17  Pylon  
  14  0:22  Probe (Chrono Boost)  
  16  0:35  Probe (Chrono Boost)  
  16  0:38  Gateway  
  16  0:42  Assimilator  
  16  0:46  Probe (Chrono Boost)  
  17  0:57  Probe (Chrono Boost)  
  18  1:07  Probe (Chrono Boost)  
  19  1:18  Probe (Chrono Boost)  
  20  1:25  Nexus  
  20  1:28  Probe (Chrono Boost)  
  21  1:38  Cybernetics Core  
  22  1:40  Probe (Chrono Boost)  
  22  1:46  Pylon  
  22  1:50  Probe (Chrono Boost)  
  23  1:54  Assimilator  
  23  2:04  Probe (Chrono Boost)  
  24  2:14  Warp Gate, Adept  
  26  2:17  Mothership Core (Chrono Boost)  
  28  2:23  Forge  
  28  2:35  Probe (Chrono Boost)  
  29  2:39  Probe (Chrono Boost)  
  29  2:41  Adept  
  32  2:45  Probe (Chrono Boost)  
  32  2:49  Probe (Chrono Boost)  
  34  2:56  Probe (Chrono Boost)  
  34  2:58  Protoss Ground Armor Level 1 (Chrono Boost), Probe (Chrono Boost)  
  36  3:06  Robotics Facility  
  36  3:07  Probe  
  37  3:16  Probe  
  38  3:24  Probe  
  39  3:32  Robotics Facility  
  39  3:33  Probe  
  37  3:36  Probe  
  37  3:41  Pylon  
  39  3:43  Probe  
  39  3:45  Adept  
  42  3:48  Probe  
  42  3:54  Probe  
  42  3:55  Warp Prism (Chrono Boost)  
  45  4:00  Probe  
  47  4:05  Probe  
  48  4:10  Gateway  
  48  4:13  Probe, Gateway  
  49  4:17  Twilight Council, Probe  
  50  4:27  Assimilator  
  50  4:31  Assimilator  
  50  4:32  Adept  
  50  4:36  Pylon  
  50  4:37  Protoss Ground Armor Level 2  
  50  4:38  Probe x2  
  54  4:51  Immortal (Chrono Boost)  
  54  4:52  Probe x2  
  58  5:00  Immortal (Chrono Boost)  
  58  5:08  Resonating Glaives  
  58  5:13  Pylon  
  58  5:14  Pylon  
  54  5:40  Immortal (Chrono Boost)  
  54  5:46  Stalker  
  54  5:48  Immortal (Chrono Boost)  
  60  5:54  Stalker  
  62  5:57  Probe x2  
  62  6:02  Pylon  
  62  6:03  Pylon  
  64  6:06  Gateway  
  64  6:08  Gateway  
  64  6:14  Immortal (Chrono Boost)  
  68  6:18  Stalker  
  68  6:20  Stalker  
  68  6:21  Stalker  
  78  6:30  Immortal (Chrono Boost)  
  78  6:34  Probe x2  
  78  6:37  Nexus  
  78  6:43  Sentry  
  78  6:44  Sentry  
  82  6:48  Sentry, Warp Prism (Chrono Boost)  
  82  6:51  Protoss Ground Weapons Level 1  
  86  7:10  Warp Prism (Chrono Boost)  
  86  7:17  Pylon  
  86  7:18  Pylon  
  86  7:20  Pylon  
  80  7:32  Warp Prism (Chrono Boost)  
  80  7:34  Stalker  
  80  7:35  Stalker x3  
  80  7:36  Stalker  
  90  7:41  Probe x2  
  92  7:47  Probe  
  93  7:53  Probe x2  
  93  7:54  Pylon  
  93  7:55  Pylon  
  93  7:57  Probe  
  93  7:58  Sentry x4  
  103  8:00  Adept  
  106  8:05  Probe  
  106  8:08  Probe  
  106  8:10  Probe  
  106  8:12  Assimilator  
  109  8:15  Assimilator  
  109  8:17  Probe  
  109  8:19  Probe  
  110  8:22  Probe  
  112  8:32  Zealot  
  112  8:33  Zealot  
  116  8:36  Adept  
  116  8:37  Adept x2  
  120  8:44  Nexus  
  110  8:56  Protoss Ground Weapons Level 2  
  110  8:57  Adept  
  110  8:58  Adept x4  
  120  9:14  Blink  
  112  9:35  Sentry  
  112  9:36  Adept x3  
  112  9:37  Adept  
  70  9:55  Probe  
  70  9:56  Immortal (Chrono Boost), Probe  
  70  9:57  Stalker x3  
  70  9:58  Stalker x2  
  80  10:08  Assimilator  
  80  10:09  Immortal (Chrono Boost)  
  80  10:10  Assimilator  
  84  10:21  Stalker x2  
  84  10:22  Stalker x2  
  84  10:24  Stalker  
  94  10:31  Immortal (Chrono Boost)  
  98  10:44  Immortal (Chrono Boost)  
  102  11:05  Immortal (Chrono Boost)  
  102  11:07  Stalker x2, Protoss Ground Weapons Level 3  
  102  11:08  Stalker x2  
  102  11:09  Nexus  
  114  11:13  Pylon  
  114  11:18  Immortal (Chrono Boost), Stalker  
  118  11:29  Charge  
  118  11:39  Immortal (Chrono Boost)  
  122  11:54  Immortal (Chrono Boost)  
  118  12:03  Pylon  
  118  12:04  Pylon  
  118  12:06  Pylon  
  118  12:08  Pylon  
  118  12:09  Sentry x3  
  118  12:10  Sentry x2  
  118  12:13  Warp Prism (Chrono Boost)  
  130  12:27  Gateway  
  130  12:33  Gateway  
  130  12:36  Templar Archives, Gateway  
  130  12:38  Immortal (Chrono Boost), Gateway  
  118  13:00  Nexus  
  116  13:25  High Templar  
  116  13:26  High Templar x3  
  124  13:28  Stalker  
  124  13:29  Archon  
  124  13:30  Archon  
  126  13:38  Protoss Ground Armor Level 3  
  126  13:43  Adept  
  126  13:57  Warp Prism (Chrono Boost)  
  122  14:12  Immortal (Chrono Boost)  
  118  14:28  Immortal (Chrono Boost)  
  114  14:45  Stalker x3  
  120  14:46  Immortal (Chrono Boost), Stalker x3  
  120  14:51  Robotics Bay  
  130  15:17  Nexus  
  130  15:18  Pylon  
  130  15:19  Observer (Chrono Boost)  
  118  15:43  Stalker  
  118  15:44  Stalker x6  
  132  16:02  Probe x2  
  134  16:06  Disruptor x2 (Chrono Boost)  
  140  16:17  High Templar x3  
  140  16:18  High Templar  
  148  16:37  Disruptor x2 (Chrono Boost)  
  154  16:41  Nexus  
  154  16:43  Pylon  
  154  16:46  Probe  
  154  16:48  Probe  
  154  16:49  Probe  
  157  17:02  Zealot x5  
  157  17:03  Zealot  
  169  17:28  Probe  
  169  17:29  Probe  
  171  17:31  Assimilator, Protoss Shields Level 1  
  171  17:35  Assimilator, High Templar  
  171  17:36  High Templar x3  
  179  17:37  High Templar x2  
  179  17:39  High Templar x2  
  179  17:41  Archon  
  179  17:42  Archon x2  
  179  17:43  Archon  
  174  18:13  Stalker x5  
  174  18:14  Stalker  
  186  18:27  Psionic Storm  
  137  18:47  Adept x4  
  143  19:01  Zealot  
  143  19:02  Zealot x4  
  153  19:07  Zealot  
  153  19:08  Zealot x3  
  106  19:40  Zealot  
  106  19:41  Zealot x3  
  106  19:42  Zealot  
  116  19:49  Zealot x4  
Tags
 
Add a new tag
Caveats
  • Supply blocks, unpowered buildings, or Contaminate may cause inaccurate times.
  • Supply counts are checked every 10 seconds.